 Dungeon Crawl Stone Soup version 0.24.1-8-ga250c9d538 (webtiles) character file.

Game seed: 2806514440895674666, levelgen mode: deterministic

7304 Peloso the Blocker (level 11, -2/87 HPs)
             Began as a Gnoll Fighter on May 5, 2020.
             Was a High Priest of Okawaru.
             Slain by a hornet (5 damage)
             ... summoned by a boggart
             ... in a Gauntlet.
             The game lasted 00:27:20 (8868 turns).

Peloso the Blocker (Gnoll Fighter)                  Turns: 8868, Time: 00:27:21

Health: -2/87      AC: 15    Str: 31    XL:     11   Next: 13%
Magic:  19/19      EV: 13    Int: 13    God:    Okawaru [*****.]
Gold:   522        SH:  0    Dex: 14    Spells: 21/21 levels left

rFire    . . .     SeeInvis .   a - +3 long sword (freeze)
rCold    . . .     Gourm    .   c - +0 shield
rNeg     + . .     Faith    +   j - +0 plate armour
rPois    +         Spirit   .   w - +1 hat
rElec    .         Reflect  .   (no cloak)
rCorr    .         Harm     .   (no gloves)
MR       .....     NoTele   +   (no boots)
Stlth    ..........             z - amulet of faith
HPRegen  0.24/turn              k - +3 ring of evasion
MPRegen  0.16/turn              r - ring "Nixikach" {rPois rN+ Str+4 Int+2}

@: confused, mighty, studying Transmutations
A: distributed training, fangs 1, strong nose
a: Heroism, Finesse, Renounce Religion


You were in a Gauntlet.
You worshipped Okawaru.
Okawaru was extremely pleased with you.
You were not hungry.

You visited 1 branch of the dungeon, and saw 10 of its levels.
You also visited: Sewer and Gauntlet.

You collected 522 gold pieces.

Inventory:

Hand Weapons
 a - a +3 long sword of freezing (weapon)
 q - the +5 morningstar of the Land of Plenty {pain, Str-4 Dex+9, unknown}
   (Okawaru gifted it to you in a Gauntlet)

   In the hands of one skilled in necromantic magic, it inflicts extra damage on
   living creatures.
   It affects your strength (-4).
   It affects your dexterity (+9).
 A - the cursed +0 morningstar "Poxohiec" {flame, rN+ Int-3 Dex+8}
   (You took it off a necromancer in a Gauntlet)

   It has been specially enchanted to burn those struck by it, causing extra
   injury to most foes and up to half again as much damage against particularly
   susceptible opponents.
   It affects your intelligence (-3).
   It affects your dexterity (+8).
   It protects you from negative energy.
   It has a curse placed upon it.
Armour
 b - a +0 scale mail
 c - a +0 shield (worn)
 j - a +0 plate armour (worn)
 w - a +1 hat (worn)
Jewellery
 k - a +3 ring of evasion (left hand)
 r - the ring "Nixikach" (right hand) {rPois rN+ Str+4 Int+2}
   (You found it on level 4 of the Dungeon)

   [ring of intelligence]

   It affects your strength (+4).
   It affects your intelligence (+2).
   It protects you from poison.
   It protects you from negative energy.
 z - an amulet of faith (around neck)
 C - an uncursed amulet of magic regeneration {unknown}
 E - a +3 amulet of reflection {unknown}
 I - an uncursed amulet of magic regeneration {unknown}
 L - an uncursed amulet of regeneration {unknown}
Wands
 s - a wand of acid (11)
 D - a wand of iceblast (3)
Scrolls
 e - a scroll of enchant armour
 h - 2 scrolls of identify
 l - a scroll of fear
 n - a scroll of teleportation
 t - 2 scrolls of fog
 u - a scroll of brand weapon
 B - 4 scrolls of remove curse
Potions
 g - a potion of magic
 o - 2 potions of cancellation
 p - a potion of flight
 v - a potion of agility
 x - 2 potions of brilliance
 H - 3 potions of mutation
Books
 y - a manual of Transmutations
Comestibles
 f - 22 rations
 m - 7 chunks of flesh


   Skills:
 + Level 8.9 Fighting
 + Level 5.9 Short Blades
 + Level 7.5 Long Blades
 + Level 5.9 Axes
 + Level 5.9 Maces & Flails
 + Level 5.9 Polearms
 + Level 5.9 Staves
 + Level 5.9 Slings
 + Level 5.9 Bows
 + Level 5.9 Crossbows
 + Level 5.9 Throwing
 + Level 8.9 Armour
 + Level 5.9 Dodging
 + Level 5.9 Stealth
 + Level 8.9 Shields
 + Level 5.9 Unarmed Combat
 + Level 5.9 Spellcasting
 + Level 4.8 Conjurations
 + Level 4.8 Hexes
 + Level 4.8 Charms
 + Level 4.8 Summonings
 + Level 4.8 Necromancy
 + Level 4.8 Translocations
 + Level 6.5 Transmutations
 + Level 4.8 Fire Magic
 + Level 4.8 Ice Magic
 + Level 4.8 Air Magic
 + Level 4.8 Earth Magic
 + Level 4.8 Poison Magic
 + Level 6.4 Invocations
 + Level 5.9 Evocations


You had 21 spell levels left.
You didn't know any spells.
Your spell library contained the following spells:

 Spells                   Type           Power        Failure   Level  Hunger
 Beastly Appendage        Tmut           ###...       19%         1    None
 Sticks to Snakes         Tmut           ###.....     26%         2    ##.....
 Spider Form              Tmut/Pois      ###.......   58%         3    ###....
 Ice Form                 Ice/Tmut       ###.....     94%         4    ####...
 Blade Hands              Tmut           ###.......   99%         5    ######.


Dungeon Overview and Level Annotations

Branches:
Dungeon (11/15)            Temple (0/1) D:5            Lair (0/6) D:11
  Sewer (visited)         Gauntlet (1/1)
    Orc: D:9-12

Altars:
Ashenzari
Elyvilon
Kikubaaqudgha
Nemelex Xobeh
Okawaru
Vehumet
Yredelemnul
Zin

Shops:
D:7 *

Annotations:
D:7 2 transporters, Doot's ghost, novice DEWz
D:11 3 runed translucent doors, exclusion: oklob plant Gauntlet 15 transporters, 17 runed translucent doors, exclusion: orange crystal statue


Innate Abilities, Weirdness & Mutations

Your experience applies equally to all skills.
You have very sharp teeth.
Your uncanny sense of smell can sniff out nearby items.


Message History

You are more confused.
The wolf bites you but does no damage. The golden eye blinks at you.
The hornet stings you but does no damage.
The wolf bites you.
* * * LOW HITPOINT WARNING * * *
The hornet stings you but does no damage.
Okay, then.
Unknown command.
You're too confused!
You're too confused to move!
The golden eye dissolves into shadows!
The wolf bites you.
* * * LOW HITPOINT WARNING * * *
The golden eye blinks at you.
You are more confused.
The golden eye blinks at you. The hornet completely misses you.
The wolf misses you. The golden eye blinks at you. You resist with some effort.
The hornet stings you.
You die...

### ### ### ### ### #≈∩ #8# #8#
#8# #8# #.. ###################.∩
#§§..................
###§§.................©
#8#.§###########.######
###..#@G{#.#...#.#..+.©
#....#hy#GG.#g.#.#..+..
###....#g##§..##.#.#++#'#
#8#..###..##.#.e##.#..+..
###..#©#©.#.§....#.#..+..
#..#.#..##G#..##.#++#.÷ ### ###
###..#.#.##...##.#.#..#÷÷ #8# #8#
#8#..#.#..#.G.#..#.#..[..
###########..#.#...#.#...#.#..).©


You could see a hornet, a wolf, a boggart and 3 golden eyes.

Vanquished Creatures
  A two-headed ogre (D:9)
  A necromancer (Gauntlet)
  A worldbinder (Gauntlet)
  A queen bee (D:9)
  Grinder (D:6)
  A hippogriff (D:9)
  A wyvern (D:8)
  Duvessa (D:7)
  2 orc warriors
  2 sky beasts
  2 centaurs
  3 ogres
  6 wolves (Gauntlet)
  A phantom (D:4)
  4 bullfrogs
  Dowan (D:7)
  2 scorpions (D:5)
  33 killer bees
  4 wights (D:11)
  3 howler monkeys
  2 crimson imps
  A bullfrog zombie (D:7)
  3 centaur zombies (D:8)
  7 orc priests
  4 hounds
  2 bullfrog skeletons
  3 iguanas
  7 orc wizards
  9 worker ants
  A hound skeleton (D:4)
  A worker ant zombie (D:7)
  8 gnolls (D:4)
  10 adders
  8 oozes
  An adder skeleton (D:7)
  2 worms
  4 dart slugs (D:1)
  15 leopard geckos
  38 orcs
  14 ball pythons
  18 giant cockroaches
  10 goblins
  6 hobgoblins
  20 jackals
  5 quokkas
  7 bats
  10 frilled lizards
  6 kobolds
  A quokka skeleton (D:6)
  6 rats
300 creatures vanquished.

Vanquished Creatures (others)
  4 toadstools (D:1)
  21 withered plants (Gauntlet)
25 creatures vanquished.

Grand Total: 325 creatures vanquished

Notes
Turn   | Place    | Note
-------+----------+-------------------------------------------
     0 | D:1      | Peloso the Gnoll Fighter began the quest for the Orb.
     0 | D:1      | Reached XP level 1. HP: 23/23 MP: 1/1
   138 | D:1      | Reached XP level 2. HP: 24/29 MP: 2/2
   368 | D:1      | Reached XP level 3. HP: 32/35 MP: 3/3
  1065 | D:2      | Reached skill level 1 in Invocations
  1194 | D:2      | Reached skill level 1 in Short Blades
  1194 | D:2      | Reached skill level 1 in Axes
  1194 | D:2      | Reached skill level 1 in Maces & Flails
  1194 | D:2      | Reached skill level 1 in Polearms
  1194 | D:2      | Reached skill level 1 in Staves
  1194 | D:2      | Reached skill level 1 in Slings
  1194 | D:2      | Reached skill level 1 in Bows
  1194 | D:2      | Reached skill level 1 in Crossbows
  1194 | D:2      | Reached skill level 1 in Throwing
  1194 | D:2      | Reached skill level 1 in Dodging
  1194 | D:2      | Reached skill level 1 in Stealth
  1194 | D:2      | Reached skill level 1 in Unarmed Combat
  1194 | D:2      | Reached skill level 1 in Spellcasting
  1194 | D:2      | Reached skill level 1 in Evocations
  1225 | D:2      | Reached XP level 4. HP: 39/41 MP: 5/5
  1488 | D:2      | Found a basalt altar of Yredelemnul.
  1539 | D:2      | Found an ancient bone altar of Kikubaaqudgha.
  1818 | D:3      | Reached skill level 1 in Conjurations
  1818 | D:3      | Reached skill level 1 in Hexes
  1818 | D:3      | Reached skill level 1 in Charms
  1818 | D:3      | Reached skill level 1 in Summonings
  1818 | D:3      | Reached skill level 1 in Necromancy
  1818 | D:3      | Reached skill level 1 in Translocations
  1818 | D:3      | Reached skill level 1 in Transmutations
  1818 | D:3      | Reached skill level 1 in Fire Magic
  1818 | D:3      | Reached skill level 1 in Ice Magic
  1818 | D:3      | Reached skill level 1 in Air Magic
  1818 | D:3      | Reached skill level 1 in Earth Magic
  1818 | D:3      | Reached skill level 1 in Poison Magic
  1818 | D:3      | Reached XP level 5. HP: 26/47 MP: 6/6
  2183 | D:3      | Found a sparkling altar of Nemelex Xobeh.
  2308 | D:3      | Found a white marble altar of Elyvilon.
  2661 | D:4      | Got a glittering lapis lazuli ring
  2662 | D:4      | Identified the ring "Nixikach" {rPois rN+ Str+4 Int+2} (You
                  | found it on level 4 of the Dungeon)
  2675 | D:4      | Noticed an ogre
  2685 | D:4      | Killed an ogre
  2685 | D:4      | Reached XP level 6. HP: 52/53 MP: 8/8
  2691 | D:4      | Found an iron altar of Okawaru.
  2691 | D:4      | Found a glowing silver altar of Zin.
  2710 | D:4      | Became a worshipper of Warmaster Okawaru
  2734 | D:4      | Reached skill level 5 in Long Blades
  2820 | D:4      | Noticed a phantom
  2869 | D:4      | Killed a phantom
  2869 | D:4      | Reached XP level 7. HP: 31/59 MP: 10/10
  3488 | D:5      | Entered Level 5 of the Dungeon
  3546 | D:5      | Reached * piety under Okawaru
  3804 | D:5      | Reached XP level 8. HP: 67/67 MP: 12/12
  3879 | D:5      | Found a staircase to the Ecumenical Temple.
  4219 | D:6      | Noticed Grinder
  4224 | D:6      | Paralysed by Grinder for 3 turns
  4239 | D:6      | Killed Grinder
  4239 | D:6      | Reached ** piety under Okawaru
  4307 | D:6      | Found a glowing drain.
  4323 | Sewer    | Entered a sewer
  4785 | D:6      | Found a shattered altar of Ashenzari.
  5067 | D:6      | Reached XP level 9. HP: 65/72 MP: 14/14
  5369 | D:7      | Found Beimiad's Assorted Antiques.
  5440 | D:7      | Reached *** piety under Okawaru
  5505 | D:7      | Noticed Duvessa
  5528 | D:7      | Killed Duvessa
  5530 | D:7      | Noticed Dowan
  5540 | D:7      | Killed Dowan
  5549 | D:7      | Noticed a hornet
  5550 | D:7      | Noticed a queen bee
  5557 | D:7      | Noticed Doot's ghost (novice DEWz)
  5586 | D:7      | Found a transporter.
  5590 | D:7      | Found a transporter.
  6464 | D:8      | Found a radiant altar of Vehumet.
  6506 | D:8      | Reached **** piety under Okawaru
  6515 | D:8      | Reached skill level 5 in Invocations
  6823 | D:8      | Reached skill level 5 in Transmutations
  6823 | D:8      | Reached XP level 10. HP: 53/80 MP: 17/17
  6897 | D:9      | Noticed a two-headed ogre
  6907 | D:9      | Killed a two-headed ogre
  6907 | D:9      | Reached ***** piety under Okawaru
  6907 | D:9      | Received a gift from Okawaru
  6907 | D:9      | Reached skill level 5 in Short Blades
  6907 | D:9      | Reached skill level 5 in Axes
  6907 | D:9      | Reached skill level 5 in Maces & Flails
  6907 | D:9      | Reached skill level 5 in Polearms
  6907 | D:9      | Reached skill level 5 in Staves
  6907 | D:9      | Reached skill level 5 in Slings
  6907 | D:9      | Reached skill level 5 in Bows
  6907 | D:9      | Reached skill level 5 in Crossbows
  6907 | D:9      | Reached skill level 5 in Throwing
  6907 | D:9      | Reached skill level 5 in Dodging
  6907 | D:9      | Reached skill level 5 in Stealth
  6907 | D:9      | Reached skill level 5 in Unarmed Combat
  6907 | D:9      | Reached skill level 5 in Spellcasting
  6907 | D:9      | Reached skill level 5 in Evocations
  7398 | D:9      | Received a gift from Okawaru
  7749 | D:9      | You fall into a shaft and drop 2 floors!
  7803 | D:11     | Found a runed translucent door.
  7811 | D:11     | Noticed a skeletal warrior
  7812 | D:11     | Noticed a skeletal warrior
  7812 | D:11     | Noticed a skeletal warrior
  7813 | D:11     | Noticed a skeletal warrior
  7816 | D:11     | Noticed a skeletal warrior
  7816 | D:11     | Noticed a white ugly thing
  7841 | D:11     | Found a runed translucent door.
  7851 | D:11     | Found a runed translucent door.
  7870 | D:11     | Noticed an oklob plant
  7871 | D:11     | Found a staircase to the Lair.
  7991 | D:11     | Found a gate leading to a gauntlet.
  8003 | Gauntlet | Entered a Gauntlet
  8003 | Gauntlet | Found a transporter.
  8003 | Gauntlet | Found a large runed translucent door.
  8003 | Gauntlet | Found a large runed translucent door.
  8003 | Gauntlet | Found a large runed translucent door.
  8003 | Gauntlet | Found a large runed translucent door.
  8003 | Gauntlet | Found a runed translucent door.
  8003 | Gauntlet | Found a runed translucent door.
  8003 | Gauntlet | Found a large runed translucent door.
  8003 | Gauntlet | Found a large runed translucent door.
  8003 | Gauntlet | Found a large runed translucent door.
  8003 | Gauntlet | Found a large runed translucent door.
  8003 | Gauntlet | Found a large runed translucent door.
  8003 | Gauntlet | Found a large runed translucent door.
  8004 | Gauntlet | Found a large runed translucent door.
  8004 | Gauntlet | Found a large runed translucent door.
  8325 | Gauntlet | Found a large runed translucent door.
  8325 | Gauntlet | Found a large runed translucent door.
  8326 | Gauntlet | Found a runed translucent gate.
  8326 | Gauntlet | Found a runed translucent gate.
  8326 | Gauntlet | Found a runed translucent gate.
  8327 | Gauntlet | Noticed a necromancer
  8328 | Gauntlet | Found a transporter.
  8330 | Gauntlet | Found a transporter.
  8332 | Gauntlet | Found a transporter.
  8347 | Gauntlet | Noticed a fire crab
  8348 | Gauntlet | Found a transporter.
  8366 | Gauntlet | Found a transporter.
  8374 | Gauntlet | Found a transporter.
  8391 | Gauntlet | Noticed a blizzard demon
  8392 | Gauntlet | Found a transporter.
  8411 | Gauntlet | Found a transporter.
  8411 | Gauntlet | Noticed an orange crystal statue
  8440 | Gauntlet | Noticed a fire crab
  8441 | Gauntlet | Found a transporter.
  8467 | Gauntlet | Noticed a red ugly thing
  8468 | Gauntlet | Found a transporter.
  8477 | Gauntlet | Found a transporter.
  8482 | Gauntlet | Identified the cursed +0 morningstar "Poxohiec" {flame, rN+
                  | Int-3 Dex+8}
  8494 | Gauntlet | Noticed a purple ugly thing
  8495 | Gauntlet | Noticed a great orb of eyes
  8502 | Gauntlet | Found a transporter.
  8502 | Gauntlet | Noticed a hell beast
  8507 | Gauntlet | Found a transporter.
  8509 | Gauntlet | Found a transporter.
  8533 | Gauntlet | Found a transporter.
  8533 | Gauntlet | Noticed a necromancer
  8533 | Gauntlet | Noticed a death yak
  8533 | Gauntlet | Noticed a death yak
  8534 | Gauntlet | Noticed a death yak
  8536 | Gauntlet | Noticed a death yak
  8539 | Gauntlet | Found a transporter.
  8670 | Gauntlet | Found a transporter.
  8676 | Gauntlet | Noticed a worldbinder
  8691 | Gauntlet | Found a large runed translucent door.
  8692 | Gauntlet | Found a large runed translucent door.
  8744 | Gauntlet | Received a gift from Okawaru
  8744 | Gauntlet | Reached XP level 11. HP: 79/87 MP: 19/19
  8746 | Gauntlet | Killed a necromancer
  8764 | Gauntlet | Got a shimmering morningstar {god gift}
  8804 | Gauntlet | Noticed a deep elf knight
  8804 | Gauntlet | Noticed a deep elf mage
  8809 | Gauntlet | Paralysed by a floating eye for 4 turns
  8812 | Gauntlet | Noticed a deep elf knight
  8818 | Gauntlet | Paralysed by a floating eye for 4 turns
  8821 | Gauntlet | Noticed a deep elf knight
  8823 | Gauntlet | Noticed a deep elf mage
  8835 | Gauntlet | Noticed a deep elf mage
  8839 | Gauntlet | Noticed a deep elf mage
  8844 | Gauntlet | Noticed a deep elf knight
  8853 | Gauntlet | Noticed a deep elf mage
  8858 | Gauntlet | Killed a worldbinder
  8868 | Gauntlet | HP: 3/87 [wolf[a boggart] (5)]
  8868 | Gauntlet | Slain by a hornet

Levels and vault maps discovered:
D:1:      ldierk_walled_garden_2, layout_loops_ring, dk_noncrumbling_3,
          minmay_pentomino_v4
D:2:      layout_basic, yredelemnul_altar_generic, lemuel_round_altar
D:3:      layout_basic, lemuel_crystal_altar, old_standard_altar
D:4:      layout_loops_ring, gammafunk_temple_overflow_wave
D:5:      layout_rooms, minmay_temple_entry_tees, first_ration,
          minmay_manual_monstrance
D:6:      layout_cave_pods, lemuel_crystal_altar, portal_sewer_entry_a,
          serial_column_ruins, column_ruins_hut, column_ruins_grid_1,
          column_ruins_corridor_straight, column_ruins_grid_1,
          column_ruins_open_small, column_ruins_open_small,
          column_ruins_columns_straight, minmay_misc_feat_pillars, uniq_grinder
D:7:      layout_loops_ring, gammafunk_ghost_hive, serial_shops, shop,
          uniq_duvessa
D:8:      layout_rooms, overflow_temple_1_default
D:9:      layout_roguey [special_room_bee], lemuel_coloured_pillars_altar,
          uniq_erolcha
D:11:     layout_irregular_city, dpeg_oklobed_lair, gauntlet_entry_generic,
          blue_anna_alchemist [blue_anna_fruit_fields, blue_anna_fruit_fields],
          chequers_serial_rivers_micro_a, minmay_statue_crystal_thing
Gauntlet: gammafunk_gauntlet_one_two_three
          [minmay_gauntlet_arena_make_your_own_arena,
          gammafunk_gauntlet_arena_chambers, nicolae_gauntlet_arena_t_cross,
          gammafunk_gauntlet_arena_hedges, nicolae_gauntlet_arena_x,
          gammafunk_gauntlet_arena_spirals, gammafunk_gauntlet_arena_split_x,
          nicolae_gauntlet_arena_quarters,
          gammafunk_gauntlet_arena_split_diamond, gauntlet_exit_hidden_loot]

Skill      XL: |  1  2  3  4  5  6  7  8  9 10 |
---------------+-------------------------------+-----
Invocations    | 1 2 3 4 5 6 |  6.4
Short Blades   | 1 2 3 4 5 |  5.9
Axes           | 1 2 3 4 5 |  5.9
Maces & Flails | 1 2 3 4 5 |  5.9
Polearms       | 1 2 3 4 5 |  5.9
Staves         | 1 2 3 4 5 |  5.9
Slings         | 1 2 3 4 5 |  5.9
Bows           | 1 2 3 4 5 |  5.9
Crossbows      | 1 2 3 4 5 |  5.9
Throwing       | 1 2 3 4 5 |  5.9
Dodging        | 1 2 3 4 5 |  5.9
Stealth        | 1 2 3 4 5 |  5.9
Unarmed Combat | 1 2 3 4 5 |  5.9
Spellcasting   | 1 2 3 4 5 |  5.9
Evocations     | 1 2 3 4 5 |  5.9
Conjurations   | 1 2 3 4 |  4.8
Hexes          | 1 2 3 4 |  4.8
Charms         | 1 2 3 4 |  4.8
Summonings     | 1 2 3 4 |  4.8
Necromancy     | 1 2 3 4 |  4.8
Translocations | 1 2 3 4 |  4.8
Transmutations | 1 2 3 5 6 |  6.5
Fire Magic     | 1 2 3 4 |  4.8
Ice Magic      | 1 2 3 4 |  4.8
Air Magic      | 1 2 3 4 |  4.8
Earth Magic    | 1 2 3 4 |  4.8
Poison Magic   | 1 2 3 4 |  4.8
Long Blades    | 5 6 7 |  7.5
Fighting       | 7 8 |  8.9
Armour         | 7 8 |  8.9
Shields        | 7 8 |  8.9

Action                   |  1- 3 |  4- 6 |  7- 9 | 10-12 || total
-------------------------+-------+-------+-------+-------++-------
Melee: Long sword        |   129 |   216 |   497 |   244 ||  1086
       Bite              |    16 |    28 |    66 |    44 ||   154
Invok: Heroism           |       |       |       |     7 ||     7
       Finesse           |       |       |       |     1 ||     1
Evoke: Wand              |       |       |       |     3 ||     3
  Use: Potion            |     2 |     1 |       |    10 ||    13
       Scroll            |       |     4 |     4 |    13 ||    21
  Eat: Chunk             |     1 |     5 |    14 |     2 ||    22
       Ration            |       |       |       |     2 ||     2
Armor: Scale mail        |    72 |    30 |       |       ||   102
       Plate armour      |       |    43 |   207 |   171 ||   421
Dodge: Dodged            |    57 |    84 |   222 |   267 ||   630
Block: Shield            |   101 |   128 |   417 |   195 ||   841
       Rpst.: Long sword |    14 |    27 |    59 |    37 ||   137
